 Dungeon Crawl Stone Soup version 0.20.0-15-g7f486f2 (webtiles) character file.

54 JarielCorvus the Magician (level 3, 0/19 HPs)
             Began as a Deep Elf Wizard on June 18, 2017.
             Succumbed to an adder's poison
             ... on level 2 of the Dungeon.
             The game lasted 00:04:22 (1318 turns).

JarielCorvus the Magician (Deep Elf Wizard)         Turns: 1318, Time: 00:04:22

Health: 0/19       AC:  2    Str:  4    XL:     3   Next: 66%
Magic:  2/12       EV: 13    Int: 23    God:
Gold:   8          SH:  0    Dex: 13    Spells: 2/13 levels left

rFire    . . .     SeeInvis .   g - +0 short sword
rCold    . . .     Gourm    .   (no shield)
rNeg     . . .     Faith    .   a - +0 robe
rPois    .         Spirit   .   b - +0 hat
rElec    .         Reflect  .   (no cloak)
rCorr    .         Harm     .   (no gloves)
MR       .....                  (no boots)
Stlth    ++........             (no amulet)
Regen    0.1/turn               (no ring)
MPRegen  0.2/turn               (no ring)

@: lethally poisoned (0 -> -2)
A: no striking features
a: no special abilities


You were on level 2 of the Dungeon.
You were full.

You visited 1 branch of the dungeon, and saw 2 of its levels.

You collected 8 gold pieces.

Inventory:

Hand Weapons
 g - a +0 short sword (weapon)
Armour
 a - a +0 robe (worn)
 b - a +0 hat (worn)
Potions
 i - a potion of brilliance
Books
 c - a book of Minor Magic

   Spells                             Type                      Level
   a - Magic Dart                     Conjuration                  1
   b - Blink                          Translocation                2
   c - Call Imp                       Summoning                    2
   d - Slow                           Hexes                        2
   e - Conjure Flame                  Conjuration/Fire             3
   f - Mephitic Cloud                 Conjuration/Poison/Air       3
Comestibles
 f - 2 meat rations


   Skills:
 - Level 2.4 Dodging
 - Level 2.4 Stealth
 * Level 5.9 Spellcasting
 + Level 2.3 Conjurations
 - Level 1.1 Summonings
 - Level 1.1 Translocations


You had 2 spell levels left.
You knew the following spells:

 Your Spells              Type           Power        Failure   Level  Hunger
a - Magic Dart            Conj           ###.         3%          1    None
b - Blink                 Tloc           N/A          9%          2    None
c - Call Imp              Summ           ##......     9%          2    None
d - Conjure Flame         Conj/Fire      ##......     16%         3    #......
e - Mephitic Cloud        Conj/Pois/Air  ##......     19%         3    #......


Dungeon Overview and Level Annotations

Branches:
Dungeon (2/15)

Altars:


Message History

The adder misses you. The adder bites you.
* * * LOW HITPOINT WARNING * * *
You hit the adder.
The adder is almost dead.
* * * LOW HITPOINT WARNING * * *
You feel sick. The adder barely misses you.
You hit the adder.
You kill the adder!
Okay, then.
There is a lethal amount of poison in your body!
There is a lethal amount of poison in your body!
There is a lethal amount of poison in your body!
* * * LOW HITPOINT WARNING * * *
You feel sick.
There is a lethal amount of poison in your body!
You eat the bread ration.
That bread ration really hit the spot!
There is a lethal amount of poison in your body!
There is a stone staircase leading up here.
Found 6 poisoned needles and 2 amethyst potions.
You die...

## .# .# # .#
!. .###.(>
.......
########.......
#...<<.@.......
#..†.......#...
#..(....##!#
######### #


There were no monsters in sight!

Vanquished Creatures
  An adder (D:2)
  A gnoll (D:1)
  A worm (D:2)
  A dart slug (D:1)
  A leopard gecko (D:1)
  A giant cockroach (D:1)
  6 goblins (D:1)
  5 hobgoblins (D:1)
  2 ball pythons (D:1)
  3 bats (D:1)
  2 frilled lizards (D:1)
  5 kobolds (D:1)
  3 rats (D:1)
32 creatures vanquished.

Notes
Turn   | Place    | Note
-------+----------+-------------------------------------------
     0 | D:1      | JarielCorvus the Deep Elf Wizard began the quest for the Orb.
     0 | D:1      | Reached XP level 1. HP: 10/10 MP: 7/7
   117 | D:1      | Reached XP level 2. HP: 2/15 MP: 1/9
   252 | D:1      | Reached skill level 5 in Spellcasting
   386 | D:1      | Learned a level 2 spell: Blink
   389 | D:1      | Learned a level 2 spell: Call Imp
   719 | D:1      | Reached XP level 3. HP: 19/19 MP: 4/11
  1249 | D:1      | Learned a level 3 spell: Conjure Flame
  1253 | D:1      | Learned a level 3 spell: Mephitic Cloud
  1318 | D:2      | Succumbed to an adder's poison

Skill      XL: |  1  2 |
---------------+-------+-----
Spellcasting   | 5 |  5.9
Conjurations   | 2 |  2.3
Dodging        | |  2.4
Stealth        | |  2.4
Summonings     | |  1.1
Translocations | |  1.1

Action                   || total
-------------------------++-------
Melee: Unarmed           ||    30
       Short sword       ||     4
 Cast: Magic Dart        ||    67
       Mephitic Cloud    ||     1
  Use: Scroll            ||     3
       Potion            ||     1
  Eat: Bread ration      ||     1
       Chunk             ||     1
Armor: Robe              ||    10
Dodge: Dodged            ||    39
